 Dungeon Crawl Stone Soup version 0.31.0-12-g77e489cdc1 (webtiles) character file.

Game seed: 2620308168736076840

3563 PaiMei the Reanimator (level 9, -5/71 HPs)
             Began as a Demonspawn Necromancer on Feb 26, 2024.
             Slain by an acid dragon (10 damage)
             ... on level 9 of the Dungeon.
             The game lasted 00:12:04 (7819 turns).

PaiMei the Reanimator (Demonspawn Necromancer)      Turns: 7819, Time: 00:12:05

Health: -5/71      AC:  5    Str:  9    XL:     9   Next: 83%
Magic:  18/19      EV: 15    Int: 26    God:
Gold:   558        SH:  4    Dex: 19    Spells: 13/21 levels left

rFire   + . .        A - +3 trident
rCold   . . .        (no shield)
rNeg    . . .        z - +0 troll leather armour
rPois   +            (helmet unavailable)
rElec   +            f - +0 cloak
rCorr   .            r - +0 pair of gloves
SInv    .            D - +0 pair of boots
Will    .....        v - amulet of magic regeneration
Stlth   ++           d - +6 ring of intelligence
HPRegen 1.11/turn    u - ring "Itzoen" {*Corrode rElec rPois rF+ Dex+6}
MPRegen 0.56/turn

%: corrode self (3%)
@: corroded, slowed, studying Staves, very slow
A: horns 3, thin metallic scales 2, condensation shield
a: no special abilities


You were on level 9 of the Dungeon.
You visited 2 branches of the dungeon, and saw 10 of its levels.

You collected 558 gold pieces.

Inventory:

Hand Weapons
 m - a +1 heavy mace
 A - a +3 trident (weapon)
Missiles
 t - a throwing net
Armour
 f - a +0 cloak (worn)
 r - a +0 pair of gloves (worn)
 z - a +0 troll leather armour (worn)
 D - a +0 pair of boots (worn)
Jewellery
 d - a +6 ring of intelligence (left hand)
 s - a ring of poison resistance
 u - the ring "Itzoen" (right hand) {*Corrode rElec rPois rF+ Dex+6}
   (You found it on level 5 of the Dungeon)

   [ring of dexterity]

   Dex+6:     It affects your dexterity (+6).
   rF+:       It protects you from fire.
   rElec:     It insulates you from electricity.
   rPois:     It protects you from poison *Corrode: It may corrode you when you
   take damage.
 v - an amulet of magic regeneration (around neck)
 w - an amulet of the acrobat
 G - a ring of protection from cold
Scrolls
 a - a scroll of poison {unknown}
 e - 8 scrolls of identify {unknown}
 h - 2 scrolls of immolation {unknown}
 i - 4 scrolls of teleportation {unknown}
 p - 2 scrolls of enchant weapon {unknown}
 q - a scroll of amnesia {unknown}
 x - a scroll of enchant armour {unknown}
 y - 3 scrolls of blinking {unknown}
 C - a scroll of fog {unknown}
 E - a scroll of revelation {unknown}
 H - a scroll of noise {unknown}
 J - a scroll of brand weapon {unknown}
Potions
 b - 3 potions of magic
 c - 2 potions of lignification {unknown}
 g - a potion of curing {unknown}
 j - 3 potions of brilliance {unknown}
 k - a potion of ambrosia {unknown}
 l - a potion of heal wounds {unknown}
 n - a potion of degeneration {unknown}
 o - a potion of berserk rage {unknown}
 B - a potion of haste {unknown}
 F - 2 potions of might {unknown}
 I - a potion of mutation {unknown}


   Skills:
 + Level 6.8 Fighting
 + Level 6.7 Dodging
 - Level 2.0 Stealth
 + Level 6.7 Spellcasting
 + Level 9.0 Necromancy


You had 13 spell levels left.
You knew the following spells:

 Your Spells              Type           Power      Damage    Failure   Level
a - Necrotise             Necr           100%       1d9       1%          1
b - Vampiric Draining     Necr           54%        2d9       1%          3
c - Animate Dead          Necr           54%        N/A       2%          4

Your spell library contained the following spells:

 Spells                   Type           Power      Damage    Failure   Level
 Curse of Agony           Necr           54%        N/A       6%          5
 Slow                     Hex            32%        N/A       9%          1
 Confusing Touch          Hex            8%         N/A       26%         3
 Sigil of Binding         Hex            8%         N/A       26%         3


Dungeon Overview and Level Annotations

Branches:
Dungeon (9/15)             Temple (1/1) D:6
   Lair: D:8-11         Orc: D:9-12

Altars:
Ashenzari
Dithmenos
Gozag
Makhleb
Nemelex Xobeh
Qazlal
Sif Muna
Uskayaw
Vehumet
Wu Jian
Xom

Shops:
D:3 (   D:4 *   D:6 *[[


Innate Abilities, Weirdness & Mutations

You have a pair of large horns on your head.
You are mostly covered in thin metallic scales. (AC +3)
A meltable shield of frost defends you. (SH +4)


Message History

The wraith is almost destroyed.
The wraith closely misses you. The wraith hits you but does no damage.
You hit the wraith but do no damage.
The wraith is almost destroyed.
The wraith hits you! The wraith drains your vigour!
You feel as though you will be slow longer.
The wraith completely misses you.
You hit the wraith but do no damage. Your headbutt misses the wraith.
The wraith is almost destroyed.
The wraith hits you but does no damage.
You hit the wraith.
You destroy the wraith!
You block the acid dragon's attack. The acid dragon barely misses you.
Your Necromancy skill increases to level 9!
You hit the acid dragon.
The acid dragon is lightly wounded.
The acid dragon spits acid at you. The splash of acid hits you!!
The acid dragon barely misses you. The acid dragon claws you.
* * * LOW HITPOINT WARNING * * *
You closely miss the acid dragon.
The acid dragon is lightly wounded.
The acid dragon closely misses you. You block the acid dragon's attack.
The acid dragon misses you. The acid dragon barely misses you.
Casting: Vampiric Draining (safe; 1% risk of failure)
Confirm with . or Enter, or press ? or * to list all spells.
Aiming: Vampiric Draining (safe; 1% risk of failure)
Press: ? - help, Shift-Dir - straight line, f - acid dragon
Aim: an acid dragon (lightly wounded)
You draw life force from the acid dragon!
You feel life coursing into your body. You block the acid dragon's attack.
The acid dragon claws you but does no damage.
The acid dragon misses you. The acid dragon barely misses you.
You barely miss the acid dragon. You headbutt the acid dragon.
The acid dragon is heavily wounded.
The acid dragon spits acid at you. The splash of acid hits you!!
* * * LOW HITPOINT WARNING * * *
The acid corrodes you! The acid dragon bites you!
You die...

#. #.####### #........#
## #........# ..#
#........# ...#
#........### .....
.#..........#######o.....
..........#.....@DYo..)..
#........#########......
#........# .#...
#####.#### .. o
####....#### ..
###.....<....# .#
..#..........# .
#.#..........#
#.#.(.........


You could see an acid dragon (catching breath), an ice beast and 2 orcs.

Vanquished Creatures
  A rime drake (D:9)
  A wyvern (D:7)
  2 wraiths
  A steam dragon (D:7)
  2 orc warriors (D:7)
  4 ice beasts
  A sky beast (D:7)
  2 black bears
  2 ogres (D:5)
  A centaur (D:8)
  A phantom (D:7)
  4 bullfrogs
  A scorpion (D:7)
  2 bombardier beetles
  A jelly (D:5)
  3 orc priests
  2 hounds
  2 sleepcaps
  5 iguanas
  8 orc wizards
  11 gnolls
  11 adders
  2 shadow imps (D:6)
  8 white imps
  3 ufetubi (D:6)
  2 dart slugs
  33 orcs
  6 bats
  2 endoplasms
  3 giant cockroaches
  4 goblins
  9 hobgoblins
  4 jackals (D:4)
  3 kobolds
  3 quokkas
  8 ball pythons
  4 frilled lizards
  6 rats
168 creatures vanquished.

Vanquished Creatures (collateral kills)
  A troll (D:5)
  A gnoll (D:5)
  An orc (D:3)
  A ball python (D:1)
4 creatures vanquished.

Grand Total: 172 creatures vanquished

Notes
Turn   | Place    | Note
-------+----------+-------------------------------------------
     0 | D:1      | PaiMei the Demonspawn Necromancer began the quest for the
                  | Orb.
     0 | D:1      | Reached XP level 1. HP: 13/13 MP: 3/3
   228 | D:1      | Gained mutation: You are partially covered in thin metallic
                  | scales. (AC +2) [demonic ancestry]
   228 | D:1      | Reached XP level 2. HP: 19/19 MP: 3/5
   731 | D:2      | Gained mutation: You are mostly covered in thin metallic
                  | scales. (AC +3) [demonic ancestry]
   731 | D:2      | Reached XP level 3. HP: 25/25 MP: 3/6
  1366 | D:2      | Reached skill level 1 in Fighting
  1488 | D:2      | Gained mutation: You have a pair of small horns on your
                  | head. [demonic ancestry]
  1488 | D:2      | Reached XP level 4. HP: 30/32 MP: 1/7
  1702 | D:2      | Found a broken altar of Ashenzari.
  1991 | D:3      | Reached skill level 5 in Necromancy
  2132 | D:3      | Found a faded altar of an unknown god.
  2133 | D:3      | Found Sifylon's Weapon Boutique.
  2635 | D:3      | Gained mutation: A meltable shield of frost defends you.
                  | (SH +4) [demonic ancestry]
  2635 | D:3      | Reached XP level 5. HP: 32/38 MP: 6/9
  2948 | D:4      | Found Ufowaib's General Store.
  3432 | D:5      | Entered Level 5 of the Dungeon
  3432 | D:5      | Noticed a black bear
  3822 | D:5      | Noticed a troll
  3948 | D:5      | Reached XP level 6. HP: 46/46 MP: 1/10
  4163 | D:5      | Identified the ring "Itzoen" {*Corrode rElec rPois rF+
                  | Dex+6}
  4181 | D:5      | Noticed an ice beast
  4189 | D:5      | Killed an ice beast
  4311 | D:5      | Reached skill level 6 in Necromancy
  4311 | D:5      | Reached XP level 7. HP: 52/52 MP: 10/12
  4419 | D:5      | Learned a level 3 spell: Vampiric Draining
  4424 | D:5      | Learned a level 4 spell: Animate Dead
  4522 | D:5      | Killed a troll
  4591 | D:5      | Gained mutation: You have a pair of horns on your head.
                  | [demonic ancestry]
  4591 | D:5      | Reached XP level 8. HP: 60/60 MP: 14/14
  4865 | D:6      | Found Umpemof's Armour Shop.
  4972 | D:6      | Found Edoinaot's General Store.
  5269 | D:6      | Reached skill level 7 in Necromancy
  5287 | D:6      | Reached skill level 5 in Dodging
  5287 | D:6      | Reached skill level 5 in Spellcasting
  5334 | D:6      | Found Gecasmamygh's Antique Armour Shop.
  5349 | D:6      | Found a staircase to the Ecumenical Temple.
  5358 | Temple   | Entered the Ecumenical Temple
  5751 | D:7      | Reached skill level 5 in Fighting
  5825 | D:7      | Gained mutation: You have a pair of large horns on your
                  | head. [demonic ancestry]
  5825 | D:7      | Reached XP level 9. HP: 68/68 MP: 10/17
  6080 | D:7      | Reached skill level 8 in Necromancy
  7757 | D:9      | Noticed a rime drake
  7785 | D:9      | Killed a rime drake
  7816 | D:9      | Reached skill level 9 in Necromancy
  7819 | D:9      | Slain by an acid dragon

Illustrated notes

Levels and vault maps discovered:
D:1:      ebering_hopf_link, layout_rooms
D:2:      layout_rooms, basic_altar, amethyst_killhole
D:3:      minmay_general_purpose_star, layout_rooms,
          hellmonk_ecumenical_altar_leap_of_faith, serial_shops,
          nicolae_shop_advertising_works [nicolae_subvault_shop_adworks]
D:4:      layout_loops_ring, serial_shops, shop, hangedman_decor_peaks_small
D:5:      layout_basic, minmay_manual_mail
D:6:      minmay_recursive_quarters, layout_rooms, minmay_temple_entry_poolview,
          serial_shops, nicolae_stop_n_shop_2, shop, shop, nicolae_half_adder
D:7:      layout_loops_cross, kennysheep_cross_room
D:8:      layout_loops_ring
D:9:      layout_roguey, hellmonk_lair_entry_icy, erik_orc_1, glass_columns_c,
          kennysheep_small_square
Temple:   nicolae_temple_ecumenical_triangle

Skill      XL: |  1  2  3  4  5  6  7  8  9 |
---------------+----------------------------+-----
Stealth        | 2 |  2.0
Dodging        | 2 3 4 5 6 |  6.7
Fighting       | 1 2 3 4 5 6 |  6.8
Necromancy     | 5 6 7 9 |  9.0
Spellcasting   | 3 4 5 6 |  6.7

Action                     |  1- 3 |  4- 6 |  7- 9 || total
---------------------------+-------+-------+-------++-------
  Melee: Unarmed           |     2 |       |       ||     2
         Dagger            |     2 |       |       ||     2
         Mace              |       |     6 |    17 ||    23
         Headbutt          |       |     1 |    35 ||    36
         Trident           |       |       |   162 ||   162
   Cast: Necrotise         |    55 |   110 |   128 ||   293
         Vampiric Draining |       |       |    55 ||    55
   Stab: Sleeping          |       |       |     1 ||     1
 Armour: Robe              |    10 |     7 |    15 ||    32
         Troll leather arm |       |       |   183 ||   183
  Dodge: Dodged            |    10 |    23 |   239 ||   272
  Block: Other             |       |     3 |    42 ||    45
